 Dungeon Crawl Stone Soup version 0.29.1-1-gd02db6906a (webtiles) character file.

Game seed: 6525993993448978910

1980 MajorAdolf the Covert (level 9, -1/85 HPs)
             Began as a Naga Wanderer on Oct 22, 2022.
             Was an Initiate of Gozag.
             Succumbed to a sea snake's poison
             ... in a bailey.
             The game lasted 00:18:27 (8570 turns).

MajorAdolf the Covert (Naga Wanderer)               Turns: 8570, Time: 00:18:27

Health: -1/85      AC:  6    Str: 10    XL:     9   Next: 20%
Magic:  18/18      EV:  8    Int: 17    God:    Gozag
Gold:   555        SH:  5    Dex: 23    Spells: 8/8 levels left

rFire   . . .      SeeInvis +   a - +3 falchion
rCold   . . .      Faith    .   (no shield)
rNeg    + . .      Spirit   .   y - +1 leather armour of Filth {Will+ rCorr Str-2 SInv}
rPois   +          Reflect  +   E - +0 helmet
rElec   .          Harm     .   (no cloak)
rCorr   +          Rampage  .   (no gloves)
Will    ++...                   (no barding)
Stlth   ++++......              b - amulet of reflection
HPRegen 0.24/turn               r - ring of Finality {rN+ MP+9 Int+3 Dex+7}
MPRegen 0.16/turn               D - ring of flight

@: mighty, lethally poisoned (-1 -> -55), gold aura, flying, very slow
A: AC +3, large, see invisible, deformed body, poison resistance, slowness 2,
spit poison 1, naga tail 1
a: Spit Poison, Renounce Religion, Potion Petition, Call Merchant, Bribe Branch


You were in a bailey.
You worshipped Gozag.
Gozag was pleased with you.
You visited 2 branches of the dungeon, and saw 8 of its levels.
You also visited: Bailey.

You collected 631 gold pieces.
You paid 76 gold pieces to Gozag.

Inventory:

Hand Weapons
 a - a +3 falchion (weapon)
 i - a +2 whip of venom
 q - a +0 sling
Missiles
 n - 3 boomerangs
 A - 14 poisoned darts
Armour
 y - the +1 leather armour of Filth (worn) {Will+ rCorr Str-2 SInv}
   (You found it on level 4 of the Dungeon)

   Str:       It affects your strength (-2).
   SInv:      It lets you see invisible.
   rCorr:     It protects you from acid and corrosion.
   Will:      It increases your willpower.
 E - a +0 helmet (worn)
Jewellery
 b - an amulet of reflection (around neck)
 r - the ring of Finality (left hand) {rN+ MP+9 Int+3 Dex+7}
   (You found it on level 3 of the Dungeon)

   [ring of positive energy]

   Int:       It affects your intelligence (+3).
   Dex:       It affects your dexterity (+7).
   rN:        It protects you from negative energy.
   MP:        It affects your magic capacity (+9).
 D - a ring of flight (right hand)
Wands
 e - a wand of roots (2)
 t - a wand of polymorph (11)
Scrolls
 c - a scroll of silence
 f - a scroll of vulnerability
 l - 2 scrolls of blinking
 p - 3 scrolls of teleportation
 w - 6 scrolls of enchant armour
 B - 3 scrolls of immolation {unknown}
 C - a scroll of poison {unknown}
Potions
 d - 3 potions of magic {unknown}
 g - 2 potions of resistance {unknown}
 h - 3 potions of ambrosia
 j - a potion of brilliance {unknown}
 m - 3 potions of haste {unknown}
 o - a potion of heal wounds {unknown}
 s - a potion of attraction {unknown}
 v - 3 potions of cancellation {unknown}
 x - 2 potions of mutation {unknown}
 z - a potion of flight {unknown}


   Skills:
 + Level 6.4 Fighting
 + Level 6.7 Long Blades
 - Level 1.0 Throwing
 - Level 1.5 Armour
 + Level 9.1 Stealth
 + Level 5.5 Evocations


You had 8 spell levels left.
You didn't know any spells.
Your spell library contained the following spells:

 Spells                   Type           Power      Damage    Failure   Level
 Necrotise                Necr           0%         1d4       30%         1
 Dazzling Flash           Conj/Hex       0%         N/A       67%         3
 Vampiric Draining        Necr           0%         2d6       67%         3
 Iskenderun's Mystic Bla  Conj/Tloc      0%         2d3       97%         4
 Agony                    Necr           0%         N/A       100%        5
 Starburst                Conj/Fire      0%         6d3       100%        6


Dungeon Overview and Level Annotations

Branches:
Dungeon (7/15)             Temple (1/1) D:5          Bailey (1/1)

Altars:
Ashenzari
Cheibriados
Dithmenos
Elyvilon
Fedhas
Gozag
Hepliaklqana
Kikubaaqudgha
Makhleb
Nemelex Xobeh
Okawaru
Qazlal
Ru
Sif Muna
Trog
Uskayaw
Vehumet
Wu Jian
Xom
Yredelemnul
Zin
The Shining One

Shops:
D:5 ?

Annotations:
D:3 exclusion: downstairs
D:5 exclusion: two-headed ogre


Innate Abilities, Weirdness & Mutations

Your serpentine skin is tough. (AC +3)
You have supernaturally acute eyesight. (SInv)
Armour fits poorly on your strangely shaped body.
Your system is resistant to poisons. (rPois)
You cover ground very slowly.
You can spit poison.
You have a snake-like lower body.


Message History

Press: ? - help, Shift-Dir - straight line, f - orc knight
Aim: an orc knight, wielding a +0 halberd and wearing a +0 plate armour (will become a cyclops, a jumping spider, or a sea snake, chance to affect: 45%)
The orc knight evaporates and reforms as a sea snake!
You feel very mighty all of a sudden.
You slash the sea snake!
The sea snake is moderately wounded.
The sea snake bites you.
You slash the sea snake!
The sea snake is heavily wounded.
The sea snake bites you but does no damage.
You closely miss the sea snake.
The sea snake is heavily wounded.
You block the sea snake's attack.
You closely miss the sea snake.
The sea snake is heavily wounded.
The sea snake bites you.
You are poisoned.
The sea snake poisons you!
You closely miss the sea snake.
The sea snake is heavily wounded.
You feel extremely sick. The sea snake bites you!!
You are lethally poisoned!
The sea snake poisons you! The sea snake bites you!
You miss the sea snake.
The sea snake is heavily wounded.
You feel extremely sick. The sea snake bites you.
* * * LOW HITPOINT WARNING * * *
You slash the sea snake!
The sea snake is severely wounded.
* * * LOW HITPOINT WARNING * * *
You feel extremely sick. You block the sea snake's attack.
Unknown command.
You slash the sea snake!
You kill the sea snake!
The orc knight returns to its original shape as it dies.
You die...
Your body crumbles into a pile of gold.

### ####### #########
...#########.....## ##........
....#.....#....$..######.)...#)).
.#..'.....'...##@.#....#....###.)
....'.)...'....8..'...)).....8...
.#..'.....'..)##).#....#)...###..
....#.....#....)).######.....#)..
...#########....)## ##.....)..
### ####### #########


There were no monsters in sight!

Vanquished Creatures
  A sea snake (Bailey)
  An orc knight (Bailey)
  3 orc warriors (Bailey)
  A swamp drake (Bailey)
  A black bear (D:5)
  An ice beast (D:7)
  An ogre (D:5)
  2 kobold brigands
  2 scorpions
  A necrophage (D:5)
  A bullfrog (D:6)
  2 jellies
  2 hounds (D:6)
  3 iguanas
  Ijyb (D:3)
  3 orc wizards
  2 gnolls (D:7)
  6 adders
  2 white imps
  A dart slug (D:2)
  29 orcs
  4 endoplasms
  3 giant cockroaches
  8 hobgoblins
  3 jackals (D:1)
  14 kobolds
  6 quokkas
  6 ball pythons
  5 bats
  2 frilled lizards (D:1)
  5 goblins
  5 rats
127 creatures vanquished.

Notes
Turn   | Place    | Note
-------+----------+-------------------------------------------
     0 | D:1      | MajorAdolf the Naga Wanderer began the quest for the Orb.
     0 | D:1      | MajorAdolf set off with the following items: a +3 falchion,
                  | a wand of flame (3), a scroll of silence, a +0 leather
                  | armour.
     0 | D:1      | Reached XP level 1. HP: 21/21 MP: 1/1
   160 | D:1      | Reached XP level 2. HP: 26/28 MP: 2/2
   621 | D:1      | Reached skill level 2 in Stealth
   653 | D:1      | Found a faded altar of an unknown god.
  1407 | D:2      | Reached XP level 3. HP: 34/34 MP: 3/3
  2379 | D:3      | Identified the ring of Finality {rN+ MP+9 Int+3 Dex+7}
  2574 | D:3      | Noticed Ijyb
  2597 | D:3      | Killed Ijyb
  2598 | D:3      | Reached skill level 3 in Stealth
  2598 | D:3      | Reached XP level 4. HP: 37/42 MP: 4/4
  3428 | D:4      | Reached XP level 5. HP: 33/49 MP: 5/5
  3772 | D:4      | Reached skill level 4 in Stealth
  3853 | D:4      | Noticed a kobold brigand
  4056 | D:4      | Identified the +1 leather armour of Filth {Will+ rCorr
                  | Str-2 SInv}
  4154 | D:4      | Found a shimmering altar of Xom.
  4154 | D:4      | Found a faded altar of an unknown god.
  4160 | D:4      | Found a radiant altar of Vehumet.
  4162 | D:4      | Found a faded altar of an unknown god.
  4164 | D:4      | Found an ancient bone altar of Kikubaaqudgha.
  4553 | D:4      | Killed a kobold brigand
  4554 | D:4      | Reached XP level 6. HP: 39/57 MP: 6/6
  4807 | D:5      | Entered Level 5 of the Dungeon
  4810 | D:5      | Found Paostedd's Magic Scroll Emporium.
  4949 | D:5      | Noticed a two-headed ogre
  5139 | D:5      | Found a staircase to the Ecumenical Temple.
  5334 | D:4      | Reached skill level 5 in Stealth
  5533 | D:5      | Reached XP level 7. HP: 66/66 MP: 7/7
  5591 | D:5      | Reached skill level 5 in Long Blades
  5787 | Temple   | Entered the Ecumenical Temple
  5836 | Temple   | Became a worshipper of Gozag Ym Sagoz the Greedy
  5904 | D:5      | Reached skill level 6 in Stealth
  6153 | D:5      | Reached skill level 5 in Fighting
  6268 | D:5      | Reached XP level 8. HP: 63/74 MP: 8/8
  6642 | D:7      | Reached skill level 7 in Stealth
  6735 | D:7      | Found a flagged portal.
  6762 | Bailey   | Entered a bailey
  7722 | Bailey   | Noticed an orc knight
  7807 | Bailey   | Reached skill level 8 in Stealth
  7809 | Bailey   | Noticed an orc knight
  7825 | Bailey   | Killed an orc knight
  7826 | Bailey   | Reached skill level 5 in Evocations
  7826 | Bailey   | Reached XP level 9. HP: 19/82 MP: 9/9
  8232 | Bailey   | Reached skill level 9 in Stealth
  8557 | Bailey   | Noticed a sea snake
  8557 | Bailey   | an orc knight changed into a sea snake
  8570 | Bailey   | Killed a sea snake
  8570 | Bailey   | Succumbed to a sea snake's poison

Illustrated notes

Levels and vault maps discovered:
D:1:      eino_arrival_water_cross, layout_loops_corners,
          hellmonk_ecumenical_altar_pennies_from_heaven
D:2:      layout_loops_cross
D:3:      layout_basic, nrook_mini_vaults, uniq_ijyb
D:4:      layout_gridville, chequers_temple_overflow_minitemple,
          minmay_misc_feat_more_columns
D:5:      layout_rooms, minmay_temple_entry_drinking_statues, serial_shops, shop
D:6:      layout_cave_pools
D:7:      nzn_winding_woodlands_three_and_one
          [nzn_winding_woodlands_5x15_pathside_ponds,
          nzn_winding_woodlands_5x15_twine, nzn_winding_woodlands_5x15_crooked,
          nzn_winding_woodlands_center_pierced_h], layout_basic,
          lightli_bailey_entry_fortress
Temple:   hellmonk_temple_of_storms
Bailey:   bailey_polearm_5, bailey

Skill      XL: |  1  2  3  4  5  6  7  8  9 |
---------------+----------------------------+-----
Stealth        | 2 3 4 5 6 8 9 |  9.1
Long Blades    | 3 4 5 6 |  6.7
Evocations     | 2 3 5 |  5.5
Fighting       | 4 5 6 |  6.4
Throwing       | |  1.0
Armour         | |  1.5

Action                   |  1- 3 |  4- 6 |  7- 9 || total
-------------------------+-------+-------+-------++-------
Melee: Falchion          |    77 |    69 |   134 ||   280
       Punch             |     1 |     1 |       ||     2
 Abil: Spit Poison       |    11 |    21 |    44 ||    76
Evoke: Wand              |       |     3 |     9 ||    12
  Use: Scroll            |       |     6 |     1 ||     7
       Potion            |       |       |     1 ||     1
 Stab: Sleeping          |     7 |     6 |       ||    13
       Distracted        |       |     1 |     1 ||     2
Armor: Leather armour    |    17 |    15 |    51 ||    83
       Skin              |    12 |       |       ||    12
Dodge: Dodged            |    30 |    29 |    47 ||   106
Block: Other             |       |     9 |    36 ||    45
       Reflection        |       |     1 |       ||     1
